 Dungeon Crawl Stone Soup version 0.26-a0-1177-g1209ec82b9 (webtiles) character file.

Game seed: 7305877176096806036

112 sokol815 the Sneak (level 4, 0/31 HPs)
             Began as an Octopode Delver on Dec 25, 2020.
             Slain by a bullfrog (2 damage)
             ... on level 6 of the Dungeon.
             The game lasted 00:05:34 (1301 turns).

sokol815 the Sneak (Octopode Delver)                Turns: 1301, Time: 00:05:34

Health: 0/31       AC:  1    Str: 11    XL:     4   Next: 93%
Magic:  4/4        EV: 14    Int: 12    God:
Gold:   31         SH:  0    Dex: 14    Spells: 3/3 levels left

rFire    . . .     SeeInvis .   j - +4 club (spect)
rCold    . . .     Faith    .   (no shield)
rNeg     . . .     Spirit   .   (helmet restricted)
rPois    .         Reflect  .   (no amulet)
rElec    .         Harm     .   d - ring of teleportation (curse) {+/*tele, !d}
rCorr    .         Rampage  .   (no ring)
Will     .....     Rnd*Tele +   (no ring)
Stlth    +++++.....             (no ring)
HPRegen  0.10/turn              (no ring)
MPRegen  0.09/turn              (no ring)
                                (no ring)
                                (no ring)

@: no status effects
A: almost no armour, stealthy swim, amphibious, 8 rings, constrict 8, camouflage
1, gelatinous body 1
a: no special abilities


You were on level 6 of the Dungeon.
You visited 2 branches of the dungeon, and saw 4 of its levels.

You collected 31 gold pieces.

Inventory:

Hand Weapons
 a - a +0 falchion
 b - a +0 dagger
   (You took it off a goblin on level 4 of the Dungeon)
 j - a +4 spectral club (weapon)
   (You took it off Robin on level 4 of the Dungeon)
Missiles
 h - 12 stones (quivered)
Jewellery
 d - a cursed ring of teleportation (left tentacle) {+/*tele, !d}
   (You found it on level 4 of the Dungeon)
Wands
 f - a wand of digging (2)
 g - a wand of iceblast (3)
   (You found it on level 5 of the Dungeon)
Scrolls
 c - a scroll of magic mapping {!r}
 i - a scroll of fog
Potions
 k - a potion of attraction {unknown}


   Skills:
 - Level 3.0 Fighting
 * Level 3.7 Long Blades
 + Level 3.0 Dodging
 + Level 7.3 Stealth


You had 3 spell levels left.
You didn't know any spells.
Your spell library was empty.

Dungeon Overview and Level Annotations

Branches:
Dungeon (6/15)             Temple (1/1) D:6

Altars:
Cheibriados
Elyvilon
Gozag
Hepliaklqana
Ru
Sif Muna

Annotations:
D:4 Menkaure


Innate Abilities, Weirdness & Mutations

You cannot wear most types of armour.
You are very stealthy in the water. (Stealth+)
You are amphibious.
You can wear up to eight rings at the same time.
You can use your tentacles to constrict eight enemies at once.
Your skin changes colour to match your surroundings (Stealth+).
Your rubbery body absorbs attacks. (AC +1, EV +1)


Message History

Here: an orc priest, wielding a -2 trident and wearing a +0 leather armour (asleep)
A staircase to the Ecumenical Temple.
Unknown command.
An ufetubus comes into view.
The orc priest shouts!
The ufetubus shouts!
Aim: an orc priest, wielding a -2 trident and wearing a +0 leather armour The mass of ice explodes!
The iceblast engulfs the orc priest!
You hear a croak.
A bullfrog comes into view.
The orc priest hits you from afar with a cursed -2 trident.
You take 4 damage, and have 27/31 hp.
Aim: an orc priest, wielding a -2 trident and wearing a +0 leather armour (severely wounded)
The mass of ice explodes!
The iceblast engulfs the orc priest!
You kill the orc priest!
You hear an angry hiss.
The ufetubus hits you.
The ufetubus hits you but does no damage.
You take 2 damage, and have 25/31 hp.
The ufetubus hits you. x2; The ufetubus barely misses you. x2
You take 6 damage, and have 19/31 hp.
The ufetubus completely misses you. The ufetubus hits you.
There is a staircase to the Ecumenical Temple here.
You take 3 damage, and have 16/31 hp.
You can't go up here!
The ufetubus closely misses you.
The ufetubus hits you but does no damage.
The ufetubus misses you.
You riposte.
You hit the ufetubus. Your grab misses the ufetubus. The ufetubus misses you.
You climb downwards.
Welcome to the Ecumenical Temple!
There is a staircase back to the Dungeon here.
You hit the ufetubus. You grab the ufetubus. You constrict the ufetubus.
The ufetubus closely misses you.
You riposte.
You slash the ufetubus!
You kill the ufetubus!
There is a staircase back to the Dungeon here.
You start resting.
Health restored: 31
There is a staircase back to the Dungeon here.
Found a white marble altar of Elyvilon.
Found a shimmering blue altar of Sif Muna.
You open the door.
Found a sacrificial altar of Ru.
There is an open door here.
There is an open door here.
You open the door.
Found a hazy altar of Hepliaklqana.
There is an open door here.
There is an open door here.
You open the door.
Found an opulent altar of Gozag.
There is an open door here.
There is an open door here.
You open the door.
Found a snail-covered altar of Cheibriados.
There is an open door here.
There is an opulent altar of Gozag here.
You curl up in front of the altar of Gozag.
Gozag does not accept service from beggars like you!
The service fee for joining is currently 55 gold; you only have 31.
Unknown command.
Press < or > to pray at altars.
Unknown command.
Press < or > to pray at altars.
(D) Dungeon (T) Temple
Where to? (Enter - Temple @ (x,y), ? - help)
There is an open door here.
There is a staircase back to the Dungeon here.
You climb upwards.
The bullfrog hits you. x2
There is a staircase to the Ecumenical Temple here.
You take 7 damage, and have 24/31 hp.
MASSIVE DAMAGE!!
Quiver which item? (- for none) (? for menu, Esc to quit)
Okay, then.
You have a feeling of ineptitude.
j - a +4 spectral club (weapon)
An iguana comes into view.
The bullfrog hits you!
You take 9 damage, and have 15/31 hp.
MASSIVE DAMAGE!!
A hound zombie comes into view.
The hound zombie misses you.
Things that are here:
a +0 leather armour; a cursed -2 trident; an orc skeleton You hit the hound zombie.
You grab the hound zombie. You squeeze the hound zombie!
You constrict the hound zombie. The bullfrog closely misses you.
The hound zombie barely misses you. The bullfrog closely misses you.
The hound zombie closely misses you.
You hit the hound zombie. You constrict the hound zombie.
The bullfrog closely misses you. The hound zombie bites you.
The bullfrog hits you.
* * * LOW HITPOINT WARNING * * *
You take 6 damage, and have 9/31 hp.
You thump the hound zombie!
You destroy the hound zombie!
The bullfrog closely misses you. The bullfrog hits you!
* * * LOW HITPOINT WARNING * * *
Your Dodging skill increases to level 3!
You take 7 damage, and have 2/31 hp.
MASSIVE DAMAGE!!
The bullfrog hits you.
You die...

### #.. # .....#### ##.#
#.# ....# .....##### #.#
#..### #.....l###)#
#.<.###
##.#.>F.##.#########....
####@................
#.############.... #.#
##### #.# ..# ... .##. .
#


You could see a bullfrog and an iguana.

Vanquished Creatures
  An orc priest (D:6)
  A hound (D:4)
  A hound zombie (D:6)
  Robin (D:4)
  A white imp (D:5)
  An ufetubus (Temple)
  A giant cockroach (D:4)
  2 hobgoblins
  9 goblins
18 creatures vanquished.

Notes
Turn   | Place    | Note
-------+----------+-------------------------------------------
     0 | D:5      | sokol815 the Octopode Delver began the quest for the Orb.
     0 | D:5      | Reached XP level 1. HP: 16/16 MP: 1/1
    41 | D:4      | Noticed a hound
    65 | D:4      | Noticed Robin
   107 | D:4      | Killed Robin
   108 | D:4      | Reached XP level 2. HP: 21/21 MP: 2/2
   131 | D:5      | HP: 3/21 [goblin/+0 dagger of pain[Robin] (5)]
   134 | D:5      | Reached XP level 3. HP: 3/26 MP: 3/3
   229 | D:4      | HP: 6/26 [hound (3)]
   233 | D:4      | Reached skill level 3 in Long Blades
   233 | D:4      | Reached skill level 7 in Stealth
   235 | D:4      | Noticed Menkaure
   251 | D:5      | HP: 3/26 [white imp (1)]
   251 | D:5      | HP: 1/26 [white imp (2)]
   254 | D:5      | Reached XP level 4. HP: 2/31 MP: 4/4
   590 | D:5      | Noticed a phantom
   661 | D:5      | HP: 5/31 [phantom (5)]
   716 | D:4      | Noticed an ogre
   984 | D:6      | Found a staircase to the Ecumenical Temple.
   989 | D:6      | Noticed a bullfrog
   995 | Temple   | Entered the Ecumenical Temple
  1300 | D:6      | HP: 2/31 [bullfrog (7)]
  1301 | D:6      | Reached skill level 3 in Dodging
  1301 | D:6      | Slain by a bullfrog

Illustrated notes

Levels and vault maps discovered:
D:4:      layout_cave_pods, serial_shops, shop_statue, uniq_robin,
          uniq_crazy_yiuf_cottage, uniq_menkaure
D:5:      layout_gridville, kennysheep_okawaru_gauntlet, serial_shops, shop,
          grunt_ministairs_11, uniq_sigmund
D:6:      layout_rooms, old_standard_altar, general_overflow_altar,
          nicolae_overflow_crystal_walls, lemuel_doored_altar,
          minmay_temple_entry_proselytizer
Temple:   minmay_temple_curvy_loop

Skill      XL: |  1  2  3  4 |
---------------+-------------+-----
Long Blades    | 3 |  3.7
Stealth        | 7 |  7.3
Dodging        | 3 |  3.0
Fighting       | |  3.0

Action                   |  1- 3 |  4- 6 || total
-------------------------+-------+-------++-------
Melee: Constrict         |    11 |     2 ||    13
       Falchion          |    16 |    10 ||    26
       Tentacles         |     7 |     3 ||    10
       Club              |     8 |     3 ||    11
Throw: Stone             |     3 |       ||     3
Evoke: Wand              |     2 |     3 ||     5
  Use: Scroll            |       |     1 ||     1
       Potion            |       |     1 ||     1
Armor: Skin              |     5 |     2 ||     7
Dodge: Dodged            |    24 |    19 ||    43
       Rpst.: Falchion   |    10 |     2 ||    12

Table legend: (Time is in decaauts)
 A = Elapsed time spent in this place.
 B = Non-inter-level travel time spent in this place.
 C = Inter-level travel time spent in this place.
 D = Time resting spent in this place.
 E = Time spent auto-exploring this place.
 F = Levels seen in this place.
 G = Mean time per level.
                   A        B        C        D        E       F      G
               +--------+--------+--------+--------+--------+-----+--------+
         Total |   1292 |   1214 |     78 |    739 |    125 |   4 |  323.0 |
       Dungeon |    992 |    984 |      8 |    603 |     35 |   3 |  330.7 |
        Temple |    299 |    229 |     70 |    136 |     90 |   1 |  299.0 |
               +--------+--------+--------+--------+--------+-----+--------+

Top non-repeatable levels by time:
     D:5: 565 daAuts
  Temple: 299 daAuts
     D:6: 253 daAuts
     D:4: 174 daAuts

Table legend:
 A = Kills in this place as a percentage of kills in entire the game.
 B = Kills by you in this place as a percentage of kills by you in the entire game.
 C = Kills by friends in this place as a percentage of kills by friends in the entire game.
 D = Other kills in this place as a percentage of other kills in the entire game.
 E = Experience gained in this place as a percentage of experience gained in the entire game.
 F = Experience gained in this place divided by the number of levels of this place that you have seen.
                   A       B       C       D       E      F
               +-------+-------+-------+-------+-------+----------------------
         Total | 100.0 | 100.0 |   N/A |   N/A | 100.0 |  40.0
       Dungeon |  94.4 |  94.4 |   N/A |   N/A |  95.0 |  50.7
        Temple |   5.6 |   5.6 |   N/A |   N/A |   5.0 |   8.0
               +-------+-------+-------+-------+-------+----------------------
